 Dungeon Crawl Stone Soup version 0.31-a0-1074-g0b22e4e0f1 (webtiles) character file.

Game seed: 14437718140479287250

161 LeprechaunX the Changeling (level 5, -3/35 HPs)
             Began as an Octopode Shapeshifter on Nov 27, 2023.
             Slain by an ogre
             ... wielding a +0 giant spiked club
              (27 damage)
             ... on level 4 of the Dungeon.
             The game lasted 00:02:10 (2276 turns).

LeprechaunX the Changeling (Octopode Shapeshifter)  Turns: 2276, Time: 00:02:11

Health: -3/35      AC:  1    Str: 14    XL:     5   Next: 42%
Magic:  5/5        EV: 13    Int: 12    God:
Gold:   120        SH:  0    Dex: 13    Spells: 4/4 levels left

rFire   . .          .
                       - Unarmed
rCold   . . .        (no shield)
rNeg    . . .        (helmet currently unavailable)
rPois   .            (no amulet)
rElec   .            (no ring)
rCorr   .            (no ring)
SInv    .            (no ring)
Will    .....        (no ring)
Stlth   ++           (no ring)
HPRegen 0.25/turn    (no ring)
MPRegen 0.09/turn    (no ring)
                     (no ring)

%: no passive effects
@: beast-form
A: beast (slay +2), almost no armour, amphibious, 8 rings, camouflage 1,
gelatinous body 1, (nimble swimmer 1), tentacles
a: Begin Untransformation


You were on level 4 of the Dungeon.
You were a hulking beast.
You visited 1 branch of the dungeon, and saw 4 of its levels.

You collected 120 gold pieces.

Inventory:

Hand Weapons
 a - a +0 sling
Missiles
 p - 3 boomerangs
Talismans
 b - a beast talisman
 c - a flux talisman
 l - a maw talisman
Scrolls
 d - 5 scrolls of identify {unknown}
 e - a scroll of amnesia {unknown}
 g - 4 scrolls of teleportation {unknown}
 m - a scroll of fog {unknown}
 n - a scroll of poison {unknown}
 q - a scroll of brand weapon {unknown}
Potions
 f - a potion of mutation {unknown}
 h - a potion of heal wounds {unknown}
 i - a potion of haste {unknown}
 j - a potion of experience {unknown}
 k - a potion of lignification
 o - a potion of might {unknown}


   Skills:
 + Level 2.5 Fighting
 - Level 2.0 Dodging
 + Level 3.9 Unarmed Combat
 * Level 4.4 Shapeshifting


You had 4 spell levels left.
You didn't know any spells.
Your spell library contained the following spells:

 Spells                   Type           Power      Damage    Failure   Level
 Poisonous Vapours        Pois/Air       0%         N/A       45%         2
 Static Discharge         Conj/Air       0%         3-3/arc   45%         2
 Hailstorm                Conj/Ice       0%         3d3       69%         3
 Mephitic Cloud           Conj/Pois/Air  0%         N/A       69%         3
 Airstrike                Air            0%         2d(0-16)  97%         4
 Summon Ice Beast         Ice/Summ       0%         N/A       97%         4
 Summon Lightning Spire   Summ/Air       0%         N/A       97%         4
 Freezing Cloud           Conj/Ice/Air   0%         6-21      100%        5
 Simulacrum               Ice/Necr       0%         N/A       100%        6


Dungeon Overview and Level Annotations

Branches:
Dungeon (4/15)
 Temple: D:4-7

Altars:
Qazlal


Innate Abilities, Weirdness & Mutations

You are a hulking beast.
Your limbs bulge with bestial killing power. (Slay +2)
You cannot wear most types of armour.
You are amphibious.
You can wear up to eight rings at the same time.
Your skin changes colour to match your surroundings (Stealth+).
Your rubbery body absorbs attacks. (AC +1, EV +1)
((You are camouflaged when in or above water. (Stealth+)))
You have tentacles for arms and can constrict up to eight enemies at once.


Message History

a - a +0 sling;
q - a +0 orcbow You drop a +0 orcbow.
Unknown command.
Done exploring.
Done exploring.
There is a stone staircase leading down here.
You climb downwards.
Found a scroll labelled SACWAUTRUK.
There is a stone staircase leading up here.
A hobgoblin is nearby!
You closely miss the hobgoblin. Your grab misses the hobgoblin.
You squeeze the hobgoblin.
The hobgoblin is heavily wounded.
You tentacle-slap the hobgoblin.
You kill the hobgoblin!
No target in view!
q - a scroll labelled SACWAUTRUK An ogre comes into view.
It is wielding a +0 giant spiked club.
An ogre is nearby!
An ogre is nearby!
An ogre is nearby!
a - a +0 sling (weapon)
You shoot a sling bullet. The sling bullet hits the ogre.
The ogre is lightly wounded.
No target in view!
You shoot a sling bullet.
The sling bullet barely misses the ogre.
You shoot a sling bullet.
The sling bullet barely misses the ogre.
You shoot a sling bullet.
The sling bullet hits the ogre but does no damage.
You shoot a sling bullet. The sling bullet hits the ogre.
The ogre is lightly wounded.
The ogre hits you with a +0 giant spiked club!
You are now empty-tentacled.
You tentacle-slap the ogre.
The ogre is moderately wounded.
The ogre hits you with a +0 giant spiked club!!
Ouch! That really hurt!
You die...

#.##.# #.##.# ###
#.##.# #...
#######.##.##...
............#.#
######.#.....#
########...#...#.#
...........#...#.#
#########.h#...# #
#.O#.#<# #..#.#.#
#..#.#.# #..#.#..
...#.### .....
..... .###..


You could see an ogre.

Vanquished Creatures
  A sky beast (D:3)
  An adder (D:2)
  A worm (D:2)
  A dart slug (D:3)
  3 orcs (D:3)
  6 ball pythons
  7 endoplasms
  3 giant cockroaches
  5 goblins
  10 hobgoblins
  4 kobolds
  A quokka (D:2)
  2 bats
  A frilled lizard (D:2)
  5 rats
51 creatures vanquished.

Notes
Turn   | Place    | Note
-------+----------+-------------------------------------------
     0 | D:1      | LeprechaunX the Octopode Shapeshifter began the quest for
                  | the Orb.
     0 | D:1      | Reached XP level 1. HP: 13/13 MP: 1/1
   111 | D:1      | Reached XP level 2. HP: 18/18 MP: 2/2
   532 | D:1      | Reached XP level 3. HP: 20/23 MP: 3/3
  1166 | D:2      | Reached XP level 4. HP: 27/29 MP: 4/4
  1697 | D:3      | Found a stormy altar of Qazlal.
  1697 | D:3      | Noticed a sky beast
  1750 | D:3      | Killed a sky beast
  1751 | D:3      | Reached skill level 4 in Shapeshifting
  1751 | D:3      | Reached XP level 5. HP: 16/35 MP: 5/5
  2267 | D:4      | Noticed an ogre
  2276 | D:4      | Slain by an ogre

Illustrated notes

Levels and vault maps discovered:
D:1:      lightli_arrival_noodles, layout_basic
D:2:      layout_basic, nicolae_kite_square_tiling_tiny
D:3:      layout_loops_corners, nicolae_qazlal_beasts_of_the_sky
D:4:      layout_basic, vehumet_statue, nicolae_ru_awakened_eye,
          minmay_temple_entry_water_ring

Skill      XL: |  1  2  3  4 |
---------------+-------------+-----
Fighting       | 2 |  2.5
Shapeshifting  | 4 |  4.4
Dodging        | |  2.0
Unarmed Combat | |  3.9

Action                     |  1- 3 |  4- 6 || total
---------------------------+-------+-------++-------
  Melee: Unarmed           |    74 |    22 ||    96
         Constrict         |    17 |     6 ||    23
         Tentacles         |    13 |     5 ||    18
         Punch             |     1 |       ||     1
   Fire: Orcbow            |       |     5 ||     5
         Sling             |       |     5 ||     5
   Stab: Sleeping          |     7 |     1 ||     8
 Armour: Skin              |    23 |    10 ||    33
  Dodge: Dodged            |    29 |     8 ||    37

Table legend: (Time is in decaauts)
 A = Elapsed time spent in this place.
 B = Non-inter-level travel time spent in this place.
 C = Inter-level travel time spent in this place.
 D = Time resting spent in this place.
 E = Time spent auto-exploring this place.
 F = Levels seen in this place.
 G = Mean time per level.
                   A        B        C        D        E       F      G
               +--------+--------+--------+--------+--------+-----+--------+
         Total |   2271 |   2185 |     86 |    147 |   1709 |   4 |  567.8 |
       Dungeon |   2271 |   2185 |     86 |    147 |   1709 |   4 |  567.8 |
               +--------+--------+--------+--------+--------+-----+--------+

Top non-repeatable levels by time:
     D:3: 956 daAuts
     D:1: 646 daAuts
     D:2: 641 daAuts
     D:4: 27 daAuts
